 Dungeon Crawl Stone Soup version 0.25-a0-73-g9796ba8d15 (webtiles) character file.

Game seed: 17545596466840722923, levelgen mode: deterministic

21 Amnesiac the Digger (level 2, -1/28 HPs)
             Began as a Vampire Earth Elementalist on Nov 5, 2019.
             Was an Initiate of Dithmenos.
             Slain by a crocodile (5 damage)
             ... in a sewer.
             The game lasted 00:04:19 (622 turns).

Amnesiac the Digger (Vampire Earth Elementalist)     Turns: 622, Time: 00:04:20

Health: -1/28      AC: 21    Str:  7    XL:     2   Next: 65%
Magic:  5/5        EV:  2    Int: 17    God:    Dithmenos [......]
Gold:   0          SH:  0    Dex: 19    Spells: 2/5 levels left

rFire    . . .     SeeInvis +   a - +1 dagger (elec)
rCold    . . .     Gourm    .   (no shield)
rNeg     + + +     Faith    .   (armour currently unavailable)
rPois    +         Spirit   .   (helmet currently unavailable)
rElec    .         Reflect  .   (cloak currently unavailable)
rCorr    .         Harm     .   (gloves currently unavailable)
MR       .....     NoTele   +   (boots currently unavailable)
Stlth    ++++......             (no amulet)
HPRegen  0.29/turn              (no ring)
MPRegen  0.09/turn              (no ring)

@: agile, tree-form, regenerating quickly
A: no food, see invisible
a: Exsanguinate, Renounce Religion


You were in a sewer.
You worshipped Dithmenos.
Dithmenos was noncommittal.
You were alive.
You were a tree.
You visited 1 branch of the dungeon, and saw 3 of its levels.
You also visited: Sewer.

Inventory:

Hand Weapons
 a - a +1 dagger of electrocution (weapon)
Missiles
 b - 24 stones (quivered)
 d - 23 arrows
 e - 5 poisoned darts
Armour
 c - a +0 robe (melded)
Scrolls
 f - a scroll of teleportation {!r}


   Skills:
 + Level 1.0 Short Blades
 - Level 2.1 Dodging
 - Level 3.0 Stealth
 - Level 2.3 Spellcasting
 - Level 1.1 Transmutations
 - Level 3.5 Earth Magic


You had 2 spell levels left.
You knew the following spells:

 Your Spells              Type           Power        Failure   Level  Hunger
a - Sandblast             Erth           ##....       4%          1    N/A
b - Passwall              Tmut/Erth      #.......     11%         2    N/A

Your spell library contained the following spells:

 Spells                   Type           Power        Failure   Level  Hunger
 Stone Arrow              Conj/Erth      #.....       26%         3    N/A
 Petrify                  Tmut/Erth      #.......     58%         4    N/A
 Lee's Rapid Deconstruct  Erth           ##........   77%         5    N/A

Dungeon Overview and Level Annotations

Branches:
Dungeon (3/15)              Sewer (1/1)

Altars:
Dithmenos
Makhleb
Okawaru


Innate Abilities, Weirdness & Mutations

You do not eat.
Your natural rate of healing is unusually fast.
((You have razor-sharp teeth.))
You have supernaturally acute eyesight. (SInv)
((You can survive without breathing.))


Message History

h - a grey potion {!q}
j - a viscous green potion {!q}
Okay, then.
Okay, then.
Fire/throw which item? (* to show all) (? for menu, Esc to quit)
Okay, then.
You aren't carrying any items that you can evoke.
You aren't carrying any items that you can evoke.
Unknown command.
Key pressed, stopping explore.
Casting: Passwall (safe; 11% risk of failure)
Confirm with . or Enter, or press ? or * to list all spells.
Aiming: Passwall (safe; 11% risk of failure)
Press: ? - help, Dir - move target cursor, f - you Please select a wall.
Okay, then.
You enter the shallow water.
You enter the shallow water.
You enter the shallow water.
You enter the shallow water.
You enter the shallow water.
You enter the shallow water.
A crocodile comes into view.
Found an ivory wand and 15 stones.
You aren't carrying any items that you can evoke.
Unknown command.
Okay, then.
You enter the shallow water.
You enter the shallow water.
You enter the shallow water.
You enter the shallow water.
You enter the shallow water.
Really quaff
g - a bubbling dark potion {!q}?
It was a potion of agility {!q}.
You feel agile all of a sudden.
Okay, then.
Found 22 gold pieces and a mace.
Found a glowing shortbow.
Really quaff
h - a grey potion {!q}?
It was a potion of heal wounds {!q}.
You feel much better. The crocodile bites you!
Ouch! That really hurt!
* * * LOW HITPOINT WARNING * * *
Okay, then.
Really quaff
i - a potion of lignification {!q}?
Really quaff the potion of lignification?
You turn into a tree.
Your roots penetrate the ground.
The crocodile bites you.
* * * LOW HITPOINT WARNING * * *
Really quaff
j - a viscous green potion {!q}?
It was a potion of flight {!q}.
Your roots keep you in place.
The crocodile bites you but does no damage.
You hit the crocodile but do no damage. The crocodile barely misses you.
You hit the crocodile.
The crocodile is lightly wounded.
The crocodile bites you.
* * * LOW HITPOINT WARNING * * *
You aren't carrying any potions.
Okay, then.
You aren't carrying any potions.
Unknown command.
You closely miss the crocodile.
The crocodile is lightly wounded.
The crocodile bites you.
You die...

)≈#.#.
#.≈.#
##.≈≈##
#≈≈.≈.#
##..≈..##
#...#...#
##..###..##
#.≈.# #≈t.#
#..## ##♣≈#
#.≈# #..#
#..# #≈.#
#≈≈## ##.≈#
#.≈.# #≈≈.#
##≈≈###..##
#...#...#
##.≈..≈##
#..≈..#


You could see a crocodile.

Vanquished Creatures
  An adder (D:2)
  3 jackals
  4 kobolds
  2 bats (D:2)
  A frilled lizard (D:1)
  A rat (D:1)
12 creatures vanquished.

Vanquished Creatures (others)
  A giant cockroach (D:3)
1 creature vanquished.

Grand Total: 13 creatures vanquished

Notes
Turn   | Place    | Note
-------+----------+-------------------------------------------
     0 | D:1      | Amnesiac the Vampire Earth Elementalist began the quest for
                  | the Orb.
     0 | D:1      | Reached XP level 1. HP: 13/13 MP: 3/3
   205 | D:2      | Found an iron altar of Okawaru.
   265 | D:2      | Reached XP level 2. HP: 19/19 MP: 1/5
   317 | D:2      | Learned a level 2 spell: Passwall
   320 | D:2      | Found a burning altar of Makhleb.
   320 | D:2      | Found a shadowy altar of Dithmenos.
   334 | D:2      | Became a worshipper of Dithmenos the Shadowed
   466 | D:3      | Found a glowing drain.
   470 | Sewer    | Entered a sewer
   491 | Sewer    | Reached skill level 1 in Short Blades
   589 | Sewer    | Noticed a crocodile
   622 | Sewer    | Slain by a crocodile

Levels and vault maps discovered:
D:1:      dpeg_arrival_chambers_temple_mockup, layout_rooms,
          minmay_split_cup_small
D:2:      layout_basic, nicolae_overflow_hidden_temple
D:3:      layout_loops_cross, portal_sewer_entry_e, minivault_26
Sewer:    sewer_the_crocodile

Skill      XL: |  1  2 |
---------------+-------+-----
Short Blades   | 1 |  1.0
Dodging        | |  2.1
Stealth        | |  3.0
Spellcasting   | |  2.3
Transmutations | |  1.1
Earth Magic    | |  3.5

Action                   || total
-------------------------++-------
Melee: Unarmed           ||    25
       Bite              ||     5
       Dagger            ||    14
 Cast: Sandblast         ||     6
       Passwall          ||     3
  Use: Scroll            ||     4
       Potion            ||     4
Armor: Robe              ||    40
       Skin              ||     1
Dodge: Dodged            ||    92

Table legend:
 A = Non-vault XP
 B = Vault XP
 C = Vault XP percentage of total XP
 D = Non-vault monster count
 E = Vault monster count
 F = Vault count percentage of total count
                 A         B        C        D         E       F
            +---------+---------+-------+---------+---------+-------
      Total |      22 |       9 |  29.0 |       7 |       5 |  41.7
            +---------+---------+-------+---------+---------+-------
        D:1 |       2 |       0 |   0.0 |       2 |       0 |   0.0
        D:2 |      20 |       0 |   0.0 |       5 |       0 |   0.0
      Sewer |       0 |       9 | 100.0 |       0 |       5 | 100.0
            +---------+---------+-------+---------+---------+-------
